Map: Terraform LE (Void)

Players

Macho

  • Race: Protoss Protoss
  • League: Platinum

shimakaze - Winner!

  • Race: Terran Terran
  • League: Platinum

VOD

Have the link to the VOD?

Description

Time

  • Played on: Sept. 16, 2015, 2:23 p.m.
  • Length: 11:31
Show
View Real Time Build Order
Export as new Build Order

Macho Protoss 

Build Orders:  

Get SALT Encoding   

  12  0:00  Probe (Chrono Boost)  
  13  0:11  Probe (Chrono Boost)  
  14  0:19  Pylon  
  14  0:21  Probe (Chrono Boost)  
  15  0:37  Probe (Chrono Boost)  
  15  0:39  Gateway  
  16  0:43  Assimilator  
  16  0:47  Probe (Chrono Boost)  
  17  0:57  Probe (Chrono Boost)  
  18  1:08  Probe (Chrono Boost), Pylon  
  19  1:19  Probe (Chrono Boost)  
  20  1:28  Cybernetics Core  
  20  1:29  Probe (Chrono Boost)  
  21  1:39  Probe (Chrono Boost)  
  22  1:49  Probe (Chrono Boost)  
  23  1:59  Probe (Chrono Boost), Nexus  
  24  2:01  Warp Gate (Chrono Boost)  
  24  2:09  Mothership Core (Chrono Boost)  
  24  2:11  Assimilator  
  26  2:20  Stalker  
  28  2:24  Pylon  
  28  2:31  Probe  
  29  2:43  Probe  
  30  2:51  Robotics Facility  
  30  2:56  Probe  
  31  3:07  Pylon  
  31  3:08  Probe  
  31  3:10  Probe  
  32  3:20  Probe  
  32  3:21  Probe  
  34  3:30  Gateway  
  34  3:32  Probe  
  34  3:33  Probe  
  35  3:40  Observer  
  37  3:44  Probe  
  38  3:51  Gateway  
  38  3:55  Pylon  
  38  3:59  Probe  
  38  4:01  Observer  
  40  4:05  Stalker  
  40  4:07  Probe  
  43  4:12  Probe, Pylon  
  43  4:16  Gateway  
  44  4:28  Immortal  
  44  4:30  Stalker x2  
  51  4:36  Probe  
  52  4:46  Probe  
  52  4:50  Stalker  
  55  4:53  Stalker x2  
  55  4:56  Probe x2  
  61  5:07  Immortal  
  61  5:09  Forge  
  61  5:11  Probe  
  61  5:12  Twilight Council  
  61  5:13  Probe  
  67  5:14  Pylon  
  67  5:21  Probe  
  65  5:34  Probe  
  63  5:36  Probe  
  63  5:39  Stalker x3  
  71  5:46  Photon Cannon  
  71  5:56  Assimilator  
  71  5:57  Assimilator  
  71  5:59  Stalker  
  71  6:00  Photon Cannon  
  71  6:04  Warp Prism  
  73  6:06  Protoss Ground Weapons Level 1 (Chrono Boost)  
  73  6:07  Probe  
  73  6:10  Pylon  
  76  6:14  Zealot x2  
  76  6:15  Zealot  
  82  6:23  Stalker  
  84  6:35  Stalker x2  
  84  6:36  Stalker  
  90  6:41  Gateway  
  90  6:43  Pylon  
  90  6:50  Zealot  
  92  7:01  Gateway  
  92  7:02  Pylon  
  92  7:03  Pylon  
  91  7:09  Zealot  
  91  7:14  Pylon  
  93  7:15  Blink (Chrono Boost)  
  93  7:36  Zealot  
  93  7:37  Zealot x3  
  92  7:54  Sentry  
  92  7:56  Sentry  
  92  7:57  Sentry x4  
  104  8:11  Immortal  
  90  8:19  Stalker x2  
  86  8:20  Stalker  
  86  8:26  Stalker x2  
  86  8:27  Stalker  
  80  8:28  Protoss Ground Weapons Level 2 (Chrono Boost)  
  72  8:36  Probe  
  72  8:38  Probe  
  74  8:42  Zealot x2  
  74  8:43  Zealot  
  80  8:50  Stalker x2, Immortal  
  82  9:17  Nexus  
  82  9:20  Pylon  
  82  9:21  Robotics Bay  
  82  9:22  Charge (Chrono Boost)  
  82  9:30  Pylon  
  82  9:33  Pylon  
  82  9:47  Pylon  
  82  9:59  Photon Cannon  
  82  10:08  Adept  
  82  10:09  Adept x2  
  82  10:11  Adept  
  82  10:12  Colossus  
  82  10:14  Probe x2  
  98  10:28  Probe  
  98  10:30  Probe  
  88  10:58  Zealot  
  88  10:59  Zealot x4  
  84  11:06  Stalker  
  77  11:21  Stalker x4  
Show
View Real Time Build Order
Export as new Build Order

shimakaze Terran - Winner!

Build Orders: Liberator Opening, MMM Bio 

Get SALT Encoding   

  12  0:00  SCV  
  13  0:13  SCV  
  14  0:17  Supply Depot  
  14  0:25  SCV  
  15  0:39  SCV  
  15  0:40  Barracks  
  16  0:45  Refinery  
  16  0:51  SCV  
  17  1:03  SCV  
  18  1:15  SCV  
  19  1:28  Marine  
  19  1:30  Bunker  
  19  1:32  Orbital Command  
  20  1:39  Refinery  
  20  1:45  Marine  
  21  1:47  Supply Depot  
  21  1:51  Factory  
  21  1:57  SCV  
  22  2:04  Marine  
  23  2:09  SCV  
  24  2:22  SCV  
  25  2:31  Command Center  
  25  2:36  Widow Mine  
  27  2:44  Barracks Reactor  
  27  2:47  Starport  
  27  2:53  SCV  
  28  3:02  Supply Depot  
  28  3:04  Widow Mine  
  30  3:09  SCV  
  31  3:21  Armory  
  31  3:23  Marine x2  
  33  3:28  Supply Depot  
  33  3:44  Orbital Command  
  33  3:46  SCV  
  33  3:47  Factory Tech Lab  
  34  3:49  Liberator  
  34  3:50  Barracks Tech Lab  
  34  3:53  Barracks  
  34  3:55  Barracks  
  34  4:03  SCV  
  34  4:06  Orbital Command  
  38  4:19  Marauder  
  38  4:20  SCV  
  41  4:32  SCV x2  
  43  4:41  Stimpack  
  43  4:44  SCV x2, Factory Reactor  
  45  4:47  Supply Depot  
  45  4:48  Supply Depot  
  45  4:52  Marine x2  
  45  4:53  Refinery  
  45  4:55  Refinery  
  45  4:56  SCV  
  45  4:57  SCV  
  49  5:01  Bunker  
  49  5:08  Combat Shields, SCV  
  49  5:10  SCV  
  51  5:15  Engineering Bay  
  51  5:18  Barracks Reactor  
  51  5:20  SCV, Widow Mine x2  
  56  5:22  SCV  
  56  5:26  Marine  
  58  5:32  SCV  
  58  5:34  SCV  
  58  5:35  Marine  
  58  5:37  Barracks  
  58  5:42  Supply Depot  
  58  5:44  SCV, Marine  
  58  5:45  Terran Infantry Weapons Level 1  
  58  5:46  SCV  
  61  5:52  Medivac  
  61  5:53  Medivac  
  61  5:56  SCV, Marine  
  67  5:57  Marine  
  67  5:58  SCV  
  67  6:03  Marine  
  67  6:04  Marauder  
  72  6:05  Widow Mine x2  
  72  6:09  SCV, Supply Depot  
  77  6:17  SCV  
  77  6:18  Marine x2  
  78  6:22  SCV  
  78  6:25  Armory  
  81  6:32  Supply Depot  
  81  6:39  Marine  
  84  6:40  Marauder  
  84  6:41  Marine  
  84  6:42  Missile Turret  
  84  6:43  Barracks Reactor  
  84  6:44  Concussive Shells, Missile Turret  
  84  6:45  Marine  
  86  6:57  Marine  
  86  6:59  Command Center  
  89  7:01  SCV, Marauder  
  89  7:03  Supply Depot  
  89  7:07  Barracks  
  90  7:08  Supply Depot  
  90  7:13  Engineering Bay  
  90  7:20  SCV  
  91  7:23  Supply Depot  
  91  7:25  Supply Depot  
  90  7:30  Supply Depot  
  90  7:32  Marine x2  
  90  7:33  Marauder x2  
  90  7:36  Marine x2  
  96  7:39  Terran Infantry Armor Level 1  
  96  7:48  Medivac  
  96  7:50  Marine x2  
  100  7:54  Marauder  
  100  7:55  Marauder  
  100  7:57  Supply Depot  
  103  8:10  Marine x2  
  103  8:11  Marine  
  96  8:16  Marauder x2  
  96  8:17  Marine  
  84  8:28  Marine x3  
  76  8:35  Marine  
  76  8:37  Marauder x2  
  80  8:46  Terran Infantry Weapons Level 2, Marine x3  
  83  8:53  Marine  
  84  8:58  Marauder  
  84  8:59  Marauder  
  86  9:04  Marine x3  
  89  9:10  Marine  
  89  9:13  Widow Mine x2  
  89  9:15  Medivac x2  
  98  9:19  Marine  
  98  9:20  Marauder  
  98  9:22  Marine x3  
  104  9:26  Missile Turret  
  104  9:28  Barracks Reactor  
  104  9:38  Marauder  
  106  9:41  Marauder  
  108  9:46  Marine x3  
  108  9:50  Marine  
  112  9:57  Supply Depot  
  112  9:59  Marauder  
  114  10:03  Marine, Marauder, Medivac x2  
  114  10:04  Marine x2  
  123  10:08  Marine  
  123  10:09  Supply Depot  
  124  10:15  Marine x2  
  124  10:19  Planetary Fortress  
  124  10:21  Marauder  
  128  10:22  Marine x2  
  128  10:24  Marauder, Marine  
  128  10:26  Marine  
  134  10:32  SCV x2  
  134  10:33  Marine x2  
  138  10:40  Marine x2  
  138  10:42  Marauder  
  142  10:43  Marine  
  142  10:45  Marauder  
  142  10:49  Marine  
  146  10:51  Marine  
  144  10:59  Marine x2  
  144  11:03  Marauder  
  147  11:07  Marauder  
  147  11:10  Marine  
Tags
 
Add a new tag
Caveats
  • Supply blocks, unpowered buildings, or Contaminate may cause inaccurate times.
  • Supply counts are checked every 10 seconds.